AoeStats
← brkhn

Arabia

509461179Analyzed
1v1 RM · 6d ago on Sep 26, 2026· 26m 43s· 2 players
Game mode
Random Map
Map size
Tiny (2 player)
Population
200
Speed
Normal
Resources
Standard
Victory
Conquest
Starting age
Dark Age
Ending age
Imperial Age
RankedLock teamsTeams togetherTeam positionsShared explorationLock speedFull tech treeHidden civsTurbo modeCheats
Victory
Defeat
🇺🇸 Dravidians · United States
955
+15
🇹🇷 Persians · Türkiye
942
-15
brkhn
6:14 Loom
9:04 Feudal Age
10:00 Double-Bit Axe
26:17 Castle Age
Dishes Dave
8:03 Loom
9:59 Feudal Age
10:28 Man-at-Arms
12:00 Scale Mail Armor
12:10 Forging
20:41 Castle Age
19:16 Horse Collar
19:28 Double-Bit Axe
21:40 Long Swordsman
22:29 Padded Archer Armor
Connection lost

Rejoining the realm…

Still unreachable

The connection could not be restored.

Session expired

The server has moved on; the page needs a fresh start.